cohdb
Replays
Latest Replays
All Replays
Popular Replays
Top Player Replays
Match Explorer
How It Works
Community
CoH3 Stats
Reddit
Sign in to upload your games and track your stats! →
Sign in with Steam
Match 44210229
Unlisted
Match 44210229
Overview
Messages
Build Orders
End
Construct Weapon Support Center
Selects Special Operations Battlegroup
Sniper
Engineer Squad
M1919 Machine Gun Team
Selects M29 Weasel with M1 Pack Howitzer
M29 Weasel with M1 Pack Howitzer
Construct Medical Station
Engineer Squad
M1919 Machine Gun Team
Engineer Squad
Infantry Support Center
CENTURIO
Tabaczany Baron
MrGlaucus
Discoverer
0
0
Comments
sign in to comment!
No comments posted yet!